AoeStats
← DENNIS

Arabian Desert

510908204Analyzed
1v1 RM · 12h ago on Oct 3, 2026· 28m 4s· 2 players
Game mode
Random Map
Map size
Tiny (2 player)
Population
200
Speed
Normal
Resources
Standard
Victory
Conquest
Starting age
Dark Age
Ending age
Imperial Age
RankedLock teamsTeams togetherTeam positionsShared explorationLock speedFull tech treeHidden civsTurbo modeCheats
Victory
Defeat
🇮🇳 Mongols · India
1135
+18
🇸🇪 Cumans · Sweden
1186
-18
Infadel
7:03 Loom
9:56 Feudal Age
12:25 Double-Bit Axe
18:04 Forging
25:10 Castle Age
24:01 Scale Barding Armor
26:02 Bloodlines
27:14 Iron Casting
DENNIS
6:53 Loom
9:27 Feudal Age
10:34 Double-Bit Axe
24:48 Castle Age
25:22 Scale Barding Armor
Connection lost

Rejoining the realm…

Still unreachable

The connection could not be restored.

Session expired

The server has moved on; the page needs a fresh start.